 Dungeon Crawl Stone Soup version 0.18.1-50-g88ac8fd (webtiles) character file.

190073 Kirkhe the Unseen (level 18, 0/126 HPs)
             Began as an Octopode Assassin on Oct 15, 2016.
             Was the Champion of Dithmenos.
             Succumbed to poison (poison gas)
             ... on level 4 of the Swamp.
             The game lasted 02:14:28 (36948 turns).

Kirkhe the Unseen (Octopode Assassin)              Turns: 36948, Time: 02:14:28

Health: 0/126      AC: 12    Str: 11    XL:     18   Next: 60%
Magic:  28/28      EV: 25    Int: 24    God:    Dithmenos [******]
Gold:   1212       SH: 17    Dex: 21    Spells: 2 memorised, 26 levels left

rFire  + . .     SeeInvis +     d - +5 dagger (elec)
rCold  + . .     Gourm    .     p - +3 buckler
rNeg   + . .     Faith    .     W - +0 mask of the Dragon {MR+ Slay+3 SInv}
rPois  .         Spirit   .     F - +6 amulet of reflection
rElec  .         Dismiss  .     D - ring of protection from magic
rCorr  +         Reflect  +     M - +5 ring of intelligence
SustAt +         Harm     .     v - ring of resist corrosion
MR     +++..                    R - ring of Vossuke {+Inv rF- rN+ Dex+6 SInv}
Stlth  ++++++++++               V - ring "Getad" {rC+ AC+5}
                                I - ring of protection from fire
                                y - ring of sustain attributes
                                J - +6 ring of protection

@: lethally poisoned (0 -> -3), wreathed by umbra, extremely resistant to
hostile enchantments, uncannily stealthy
A: almost no armour, amphibious, 8 rings, constrict 8, tentacle spike 1,
camouflage 1, fire resistance 1, gelatinous body 1, subdued magic 1
a: Shadow Step, Shadow Form, Renounce Religion, Evoke Invisibility


You were on level 4 of the Swamp.
You worshipped Dithmenos.
Dithmenos was exalted by your worship.
You were hungry.

You visited 5 branches of the dungeon, and saw 32 of its levels.
You also visited: Labyrinth, Ice Cave and Volcano.

You collected 3605 gold pieces.
You spent 2393 gold pieces at shops.

Inventory:

Hand Weapons
 d - a +5 dagger of electrocution (weapon)
 s - a +6 blowgun of evasion
 O - a +0 quick blade
Missiles
 z - 4 curare-tipped needles
Armour
 p - a +3 buckler (worn)
 S - a +0 shield of reflection
 W - the +0 mask of the Dragon (worn) {MR+ Slay+3 SInv}
   (You bought it in a shop on level 2 of the Orcish Mines)

   It affects your accuracy and damage with ranged weapons and melee attacks
   (+3).
   It affects your resistance to hostile enchantments.
   It lets you see invisible.
Jewellery
 v - a ring of resist corrosion (on tentacle)
 x - the amulet of Qazlal's Castigation {Dismiss rC+ Dex+3}
   (You took it off a vampire mage on level 3 of the Elven Halls)

   [amulet of dismissal]

   It may teleport away creatures that harm you.
   It affects your dexterity (+3).
   It protects you from cold.
 y - a ring of sustain attributes (on tentacle)
 D - a ring of protection from magic (left tentacle)
 F - a +6 amulet of reflection (around mantle)
 I - a ring of protection from fire (on tentacle)
 J - a +6 ring of protection (on tentacle)
 M - a +5 ring of intelligence (right tentacle)
 R - the ring of Vossuke (on tentacle) {+Inv rF- rN+ Dex+6 SInv}
   (You found it on level 11 of the Dungeon)

   [ring of positive energy]

   It affects your dexterity (+6).
   It makes you vulnerable to fire.
   It protects you from negative energy.
   It lets you see invisible.
   It lets you turn invisible.
 V - the ring "Getad" (on tentacle) {rC+ AC+5}
   (You bought it in a shop on level 13 of the Dungeon)

   [ring of protection]

   It affects your AC (+5).
   It protects you from cold.
Wands
 w - a wand of disintegration (6/24)
 P - a wand of teleportation (5/9)
 Q - a wand of digging (9/24)
Scrolls
 b - a scroll of silence
 c - 8 scrolls of teleportation
 k - 18 scrolls of remove curse
 q - a scroll of fog
 r - 3 scrolls of recharging
 t - 4 scrolls of magic mapping
 B - 7 scrolls of enchant weapon
 E - 9 scrolls of identify
 G - a scroll of blinking
 K - 6 scrolls of enchant armour
 T - 6 scrolls of fear
 Z - a scroll of holy word
Potions
 a - 3 potions of ambrosia
 h - 4 potions of brilliance
 i - a potion of invisibility
 l - 3 potions of flight
 u - 2 potions of agility
 C - 2 potions of might
 H - 4 potions of magic
 L - 2 potions of berserk rage
 N - 3 potions of cancellation
 U - 2 potions of haste
 Y - a potion of cure mutation
Miscellaneous
 X - a fan of gales
Comestibles
 f - 17 bread rations
 g - 12 beef jerkies
 j - 19 fruits
 m - 13 royal jellies
 n - 18 meat rations
 A - a slice of pizza


   Skills:
 + Level 12.5 Fighting
 + Level 15.1 Short Blades
 - Level 4.4 Throwing
 - Level 13.1 Dodging
 - Level 20.2 Stealth
 * Level 14.0 Shields
 - Level 6.7 Spellcasting
 - Level 4.0 Hexes
 - Level 3.7 Translocations
 - Level 2.0 Invocations
 - Level 5.4 Evocations


You had 26 spell levels left.
You knew the following spells:

 Your Spells              Type           Power        Failure   Level  Hunger
a - Ensorcelled Hibernat  Hex/Ice        ##....       4%          2    None
b - Blink                 Tloc           N/A          1%          2    None


Dungeon Overview and Level Annotations

Branches:
Dungeon (15/15)            Temple (0/1) D:5            Lair (8/8) D:8
  Swamp (4/4) Lair:6        Snake (0/4) Lair:4        Slime (0/6) Lair:8
    Orc (2/2) D:9             Elf (3/3) Orc:2        Vaults (0/5) D:14
 Depths (0/5) D:15

Altars:
Ashenzari
Cheibriados
Dithmenos
Gozag
Makhleb
Okawaru
Qazlal
Ru
Sif Muna
Vehumet
Yredelemnul
The Shining One

Shops:
D:5 :   D:9 }   D:12 [   D:13 ([?=   Orc:2 [!::   Elf:1 *(   Elf:2 *?

Annotations:
D:4 Leibowitz's ghost, amateur MfGl
Lair:1 exclusion: oklob plant
Elf:2 5 runed doors
Elf:3 2 exclusions, krepi's ghost, adept MiFi


Innate Abilities, Weirdness & Mutations

You cannot wear most types of armour.
You are amphibious.
You can wear up to eight rings at the same time.
You can use your tentacles to constrict eight enemies at once.
Your skin changes colour to match your surroundings (Stealth).
Your rubbery body absorbs attacks (AC +1).
One of your tentacles bears a spike.
Your flesh is heat resistant.
Your spells are a little easier to cast, but a little less powerful.


Message History

Okay, then.
Put on which piece of jewellery? (? for menu, Esc to quit)
Okay, then.
* * * LOW HITPOINT WARNING * * *
You feel sick.
* * * LOW HITPOINT WARNING * * *
You feel sick.
* * * LOW HITPOINT WARNING * * *
You feel sick.
* * * LOW HITPOINT WARNING * * *
You feel sick.
* * * LOW HITPOINT WARNING * * *
You feel sick.
* * * LOW HITPOINT WARNING * * *
You feel sick.
* * * LOW HITPOINT WARNING * * *
You feel sick.
* * * LOW HITPOINT WARNING * * *
You feel sick.
You die...

♣.≈≈≈≈≈♣♣...≈♣♣ ♣ ♣
♣♣♣≈≈..≈♣♣♣♣♣♣ ♣♣♣♣♣
♣♣≈≈≈≈♣♣ ♣♣♣♣♣♣≈≈≈. ♣.≈≈≈.♣
♣♣≈≈≈♣≈.≈≈. ♣..≈≈≈♣
♣♣♣♣♣♣♣≈.≈≈≈..≈..
♣♣♣...♣♣♣♣♣♣..≈≈♣♣.≈...≈≈.≈≈
♣≈.≈≈.♣♣♣≈.§≈≈≈≈≈≈≈≈≈.≈.≈≈≈.
♣.≈≈≈≈≈...≈≈≈≈≈≈≈≈÷≈≈...≈.≈.
♣♣≈≈≈≈≈≈...@≈≈≈≈≈≈††≈♣♣§§♣♣♣
♣♣♣.≈≈≈≈....§.§≈÷≈≈≈≈.≈♣♣♣♣
.≈≈≈≈≈≈≈≈≈..♣♣♣.≈..≈♣.$.♣
♣≈v≈≈≈.≈≈≈≈≈§♣..♣≈.♣♣≈.≈≈≈§
♣...≈♣≈.≈≈≈.≈♣≈≈≈≈≈♣♣♣.≈≈≈..
♣♣♣♣♣♣♣≈.≈≈≈..≈≈≈≈.♣ ♣≈....
♣♣♣..≈≈≈≈≈≈.♣♣ ♣♣♣..
♣♣♣.≈≈..≈≈≈≈≈♣ ♣♣♣ ♣♣
♣≈≈.≈≈...≈§≈.♣♣♣♣≈♣


There were no monsters in sight!

Vanquished Creatures
  A thorn hunter (Swamp:3)
  Gastronok (Orc:1)
  Frances (D:13)
  A deep elf sorcerer (Elf:1)
  Donald (Swamp:3)
  A deep elf demonologist (Elf:1)
  A deep elf annihilator (Elf:1)
  2 deep elf death magi
  Snorg (D:11)
  A mummy priest (Elf:3)
  A minotaur (Lab)
  A rakshasa (D:15)
  2 fire dragons
  Erolcha (D:9)
  5 ghost crabs
  18 hydras
  The ghost of Gargoyl the Protected, a journeyman DsAK of Lugonu (Lair:2)
  6 centaur warriors
  15 dancing weapons
  3 catoblepae
  3 vampire magi
  2 tengu warriors
  15 alligators
  5 orc high priests
  8 deep elf knights
  A deep troll (D:15)
  6 unseen horrors
  6 skeletal warriors
  12 swamp dragons
  A lindwurm (Volcano)
  A tengu zombie (D:15)
  2 wizards
  4 hill giants
  7 deep elf archers
  5 shambling mangroves
  2 oklob plants
  5 orc knights (Orc:2)
  45 deep elf magi
  A necromancer (D:15)
  A sphinx zombie (D:15)
  5 ugly things
  A cyclops (D:15)
  4 orc sorcerers
  3 hornets
  A hornet (shapeshifter) (Elf:2)
  3 griffons
  3 manticores
  6 elephants (Lair:6)
  An octopode (shapeshifter) (D:14)
  Joseph (D:7)
  A molten gargoyle (Volcano)
  A toenail golem (Volcano)
  3 black mambas
  An ice statue (IceCv)
  4 centaur zombies
  17 spiny frogs
  4 gargoyles
  3 rime drakes (Lair:5)
  A komodo dragon (shapeshifter) (Elf:2)
  7 komodo dragons
  3 kobold demonologists
  A tengu conjurer (Elf:1)
  A queen bee (shapeshifter) (Elf:1)
  6 polar bears
  9 giant leeches
  A queen bee (D:13)
  5 trolls
  A two-headed ogre (D:14)
  14 blink frogs
  A boulder beetle (Lair:8)
  A fire dragon zombie (D:15)
  24 slime creatures
  6 bog bodies
  4 water elementals
  2 vampires (D:15)
  3 air elementals
  3 shadows
  A wraith (D:13)
  4 redbacks (Lair:8)
  20 spriggans
  60 yaks
  2 basilisks
  14 hippogriffs
  3 wyverns
  2 hungry ghosts (D:15)
  23 vampire mosquitoes
  7 fire elementals
  A steam dragon (D:12)
  Menkaure (D:5)
  2 wargs
  2 mottled dragons
  22 swamp worms
  13 insubstantial wisps
  2 nagas (Lair:4)
  A soldier ant (D:15)
  Duvessa (D:5)
  21 water moccasins
  13 swamp drakes
  9 porcupines
  A phantom (D:10)
  22 orc warriors
  5 sky beasts
  6 black bears
  10 ice beasts
  3 boggarts
  18 wasps
  2 necrophages
  6 ogres
  25 centaurs
  46 wolves
  30 crocodiles
  A big kobold (D:9)
  A yaktaur zombie (D:15)
  15 giant frogs
  A wyvern zombie (D:13)
  Dowan (D:5)
  A water moccasin skeleton (D:7)
  A wyvern skeleton (D:14)
  3 scorpions
  25 killer bees
  15 wights
  2 spriggan skeletons (D:11)
  13 electric eels
  5 howler monkeys
  3 crimson imps
  A troll skeleton (D:11)
  A lava snake (Orc:2)
  A giant frog zombie (D:12)
  11 hounds
  A giant frog skeleton (D:9)
  10 centaur skeletons
  20 orc wizards
  16 orc priests
  Crazy Yiuf (D:3)
  2 jellies
  7 iguanas
  9 worker ants
  9 sheep
  A hound zombie (D:9)
  A hound skeleton (D:5)
  Robin (D:2)
  10 gnolls
  13 adders
  56 river rats
  4 shadow imps
  12 white imps (Lair:3)
  An adder zombie (D:9)
  5 worms
  2 adder skeletons
  2 dart slugs
  6 giant geckos
  82 orcs
  2 ball pythons
  13 bats
  7 giant cockroaches
  12 goblins
  14 hobgoblins
  19 jackals
  2 quokkas
  A ball python zombie (D:6)
  7 giant newts
  2 jackal skeletons (D:5)
  8 kobolds
  A quokka skeleton (D:4)
  3 rats
  A butterfly (Lair:8)
  A fire vortex (Volcano)
  A plant (Lair:7)
1215 creatures vanquished.

Vanquished Creatures (others)
  A giant leech (Swamp:4)
  A soldier ant (D:15)
  A centaur (D:15)
  An orc wizard (Orc:2)
  6 fungi
  4 plants (Lair:8)
  7 withered plants (D:15)
21 creatures vanquished.

Grand Total: 1236 creatures vanquished

Notes
Turn   | Place    | Note
--------------------------------------------------------------
     0 | D:1      | Kirkhe the Octopode Assassin began the quest for the Orb.
     0 | D:1      | Reached XP level 1. HP: 14/14 MP: 1/1
   158 | D:1      | Reached XP level 2. HP: 19/19 MP: 2/2
   204 | D:1      | Reached skill level 6 in Stealth
   707 | D:1      | Reached XP level 3. HP: 24/24 MP: 3/3
   718 | D:2      | Noticed Robin
  1120 | D:2      | Reached skill level 7 in Stealth
  1130 | D:2      | Reached XP level 4. HP: 22/29 MP: 4/4
  1724 | D:2      | Killed Robin
  1983 | D:2      | Reached skill level 1 in Shields
  1983 | D:2      | Reached XP level 5. HP: 28/34 MP: 5/5
  2038 | D:3      | Reached skill level 8 in Stealth
  2191 | D:3      | Found a deep blue altar of Sif Muna.
  2203 | D:3      | Found a burning altar of Makhleb.
  2203 | D:3      | Found an iron altar of Okawaru.
  2206 | D:3      | Found a snail-covered altar of Cheibriados.
  2207 | D:3      | Found an opulent altar of Gozag.
  2610 | D:3      | Reached XP level 6. HP: 36/39 MP: 6/6
  2618 | D:3      | Noticed Crazy Yiuf
  2874 | D:3      | Killed Crazy Yiuf
  2979 | D:4      | Found a shattered altar of Ashenzari.
  2994 | D:4      | Reached skill level 9 in Stealth
  3091 | D:4      | Noticed Leibowitz's ghost (amateur MfGl)
  3327 | D:4      | Got an ichor-stained broad axe
  3328 | D:4      | Identified the +5 broad axe of the Puffball {chop, +Fly} (You found it on level 4 of the Dungeon)
  3518 | D:5      | Entered Level 5 of the Dungeon
  3548 | D:5      | Found Heiraol's Book Shoppe.
  3597 | D:5      | Found a shadowy altar of Dithmenos.
  3606 | D:5      | Became a worshipper of Dithmenos the Shadowed
  3614 | D:5      | Noticed Duvessa
  3614 | D:5      | Noticed Dowan
  3619 | D:5      | Killed Dowan
  3619 | D:5      | Reached XP level 7. HP: 45/45 MP: 7/7
  3624 | D:5      | Killed Duvessa
  3624 | D:5      | Reached skill level 10 in Stealth
  3837 | D:5      | Found an opulent altar of Gozag.
  3912 | D:5      | Found a staircase to the Ecumenical Temple.
  4064 | D:5      | Noticed Menkaure
  4506 | D:5      | Killed Menkaure
  4506 | D:5      | Reached XP level 8. HP: 51/51 MP: 8/8
  4929 | D:6      | Reached * piety under Dithmenos
  5061 | D:6      | Found a glowing golden altar of the Shining One.
  5268 | D:6      | Reached skill level 5 in Short Blades
  5268 | D:6      | Reached skill level 5 in Shields
  5835 | D:7      | Reached XP level 9. HP: 29/57 MP: 9/9
  6099 | D:7      | Noticed Joseph
  6195 | D:7      | Killed Joseph
  6195 | D:7      | Reached skill level 11 in Stealth
  6224 | D:7      | Found a basalt altar of Yredelemnul.
  6414 | D:7      | Found a stormy altar of Qazlal.
  6547 | D:8      | Reached ** piety under Dithmenos
  6767 | D:8      | Found a staircase to the Lair.
  7064 | D:9      | Reached XP level 10. HP: 65/65 MP: 10/10
  7088 | D:9      | Reached skill level 5 in Fighting
  7127 | D:9      | Reached skill level 5 in Dodging
  7195 | D:9      | Found a staircase to the Orcish Mines.
  7349 | D:9      | Found Niegucao's Gadget Shoppe.
  7353 | D:9      | Noticed Erolcha
  7360 | D:9      | Killed Erolcha
  7360 | D:9      | Reached skill level 12 in Stealth
  7371 | D:9      | Bought a wand of teleportation (2/9) for 234 gold pieces
  7501 | D:9      | Reached *** piety under Dithmenos
  8421 | D:9      | Reached skill level 1 in Invocations
  8445 | D:9      | Reached XP level 11. HP: 67/72 MP: 11/11
  8522 | D:10     | Entered Level 10 of the Dungeon
  9382 | D:11     | Noticed a purple ugly thing
  9389 | D:11     | Killed a purple ugly thing
  9389 | D:11     | Reached skill level 13 in Stealth
  9571 | D:11     | Noticed Snorg
  9590 | D:11     | Killed Snorg
  9590 | D:11     | Reached **** piety under Dithmenos
  9753 | D:11     | Got a brightly glowing wooden ring
  9754 | D:11     | Identified the ring of Vossuke {+Inv rF- rN+ Dex+6 SInv} (You found it on level 11 of the Dungeon)
  9970 | D:11     | Noticed a hill giant
  9972 | D:11     | Killed a hill giant
 10070 | D:11     | Noticed an unseen horror
 10078 | D:11     | Killed an unseen horror
 10411 | D:10     | Noticed an unseen horror
 10414 | D:10     | Killed an unseen horror
 10414 | D:10     | Reached skill level 14 in Stealth
 10487 | Lair:1   | Entered Level 1 of the Lair of Beasts
 10658 | Lair:1   | Found a radiant altar of Vehumet.
 10658 | Lair:1   | Noticed an oklob plant
 10745 | Lair:1   | Reached skill level 10 in Short Blades
 11103 | Lair:1   | Reached XP level 12. HP: 81/81 MP: 13/13
 11577 | Lair:2   | Noticed Gargoyl's ghost (journeyman DsAK)
 11718 | Lair:2   | Found a dark tunnel.
 11728 | Volcano  | Entered a volcano
 11783 | Volcano  | Reached skill level 15 in Stealth
 12088 | Volcano  | Reached ***** piety under Dithmenos
 12718 | Lair:3   | Found a frozen archway.
 13015 | IceCv    | Entered an ice cave
 13043 | IceCv    | Reached skill level 16 in Stealth
 13384 | Lair:3   | Gained mutation: One of your tentacles bears a spike. [potion of mutation]
 13384 | Lair:3   | Gained mutation: You have an increased reservoir of magic (+10% MP). [potion of mutation]
 13384 | Lair:3   | Gained mutation: Your flesh is heat resistant. [potion of mutation]
 13499 | Lair:3   | Reached skill level 1 in Spellcasting
 13612 | Lair:3   | Reached skill level 10 in Dodging
 13802 | Lair:3   | Reached XP level 13. HP: 88/88 MP: 18/18
 14266 | Lair:4   | Found a staircase to the Snake Pit.
 14388 | Lair:4   | Reached skill level 1 in Evocations
 15805 | Lair:5   | Noticed a fire dragon
 15816 | Lair:5   | Killed a fire dragon
 15915 | Lair:5   | Reached ****** piety under Dithmenos
 16644 | Lair:6   | Found a staircase to the Swamp.
 16855 | Lair:6   | Reached XP level 14. HP: 94/97 MP: 18/20
 16927 | Lair:6   | Reached skill level 5 in Evocations
 17857 | Lair:8   | Entered Level 8 of the Lair of Beasts
 18261 | Lair:8   | Reached skill level 10 in Fighting
 19358 | Lair:8   | Found a staircase to the Slime Pits.
 19557 | Lair:2   | Killed Gargoyl's ghost
 19557 | Lair:2   | Reached skill level 5 in Spellcasting
 19596 | Lair:1   | Learned a level 2 spell: Ensorcelled Hibernation
 19859 | Orc:1    | Entered Level 1 of the Orcish Mines
 19859 | Orc:1    | Noticed Gastronok
 19860 | Orc:1    | Killed Gastronok
 19951 | Orc:2    | Entered Level 2 of the Orcish Mines
 20223 | Orc:2    | Found a staircase to the Elven Halls.
 20361 | Orc:2    | Reached XP level 15. HP: 103/103 MP: 25/25
 21051 | Orc:2    | Found Cojoiqel's Armour Shop.
 21051 | Orc:2    | Found Cykheam's Book Shoppe.
 21053 | Orc:2    | Found Xarul's Distillery.
 21053 | Orc:2    | Found Odaebri's Book Shoppe.
 21069 | Orc:2    | Bought the +0 mask of the Dragon {MR+ Slay+3 SInv} for 400 gold pieces
 21084 | Orc:2    | Bought a potion of might for 60 gold pieces
 21084 | Orc:2    | Bought a potion of haste for 150 gold pieces
 21084 | Orc:2    | Bought a potion of curing for 45 gold pieces
 21983 | D:12     | Found Resownoid's Antique Armour Shoppe.
 22681 | D:12     | Reached skill level 1 in Hexes
 22807 | D:13     | Found Vieghuul's Armour Shoppe.
 22867 | D:13     | Found a labyrinth entrance.
 22878 | Lab      | Entered a labyrinth
 23183 | Lab      | Got an ichor-stained falchion
 23186 | Lab      | Identified the +7 falchion of the Bear {flame, rElec} (You found it in a labyrinth)
 23210 | D:13     | Reached skill level 10 in Shields
 23236 | D:13     | Found Anusuji's Antique Weapon Shoppe.
 23384 | D:13     | Found Gorikkown's Jewellery Boutique.
 23386 | D:13     | Noticed Frances
 23393 | D:13     | Killed Frances
 23407 | D:13     | Bought the ring "Getad" {rC+ AC+5} for 1104 gold pieces
 23417 | D:13     | Bought an uncursed ring of protection from fire for 400 gold pieces
 23621 | D:13     | Found Yllex's Magic Scroll Boutique.
 23886 | D:14     | Found a sacrificial altar of Ru.
 24266 | D:14     | Reached skill level 17 in Stealth
 24346 | D:14     | Found a gate to the Vaults.
 24776 | D:15     | Entered Level 15 of the Dungeon
 25168 | D:15     | Reached XP level 16. HP: 48/111 MP: 28/28
 25686 | D:15     | Reached skill level 18 in Stealth
 25967 | D:15     | Found a staircase to the Depths.
 26901 | Swamp:1  | Entered Level 1 of the Swamp
 26991 | Swamp:1  | Reached skill level 19 in Stealth
 28189 | Swamp:2  | Reached skill level 20 in Stealth
 28783 | Swamp:2  | Reached XP level 17. HP: 100/117 MP: 29/29
 29850 | Swamp:3  | Noticed Donald
 29900 | Swamp:3  | Killed Donald
 30874 | Swamp:4  | Entered Level 4 of the Swamp
 31531 | Elf:1    | Entered Level 1 of the Elven Halls
 31681 | Elf:1    | Identified a scroll of acquirement
 32457 | Elf:1    | Identified the Volume of Unstable Orientation (You found it on level 1 of the Elven Halls)
 32461 | Elf:1    | Learned a level 2 spell: Blink
 32471 | Elf:1    | Found Asyossoca's Assorted Antiques.
 32511 | Elf:1    | Found Camnuyv's Weapon Emporium.
 32942 | Elf:2    | Reached skill level 1 in Translocations
 33305 | Elf:2    | Reached XP level 18. HP: 107/126 MP: 30/30
 33346 | Elf:2    | Found Eplarheb's Magic Scroll Shoppe.
 33550 | Elf:2    | Found a huge runed gate.
 33550 | Elf:2    | Found a huge runed gate.
 33550 | Elf:2    | Found a huge runed gate.
 33562 | Elf:2    | Found a huge runed gate.
 33562 | Elf:2    | Found a huge runed gate.
 33632 | Elf:2    | Found Qunois's Assorted Antiques.
 34016 | Elf:3    | Entered Level 3 of the Elven Halls
 34123 | Elf:3    | Found a deep blue altar of Sif Muna.
 34130 | Elf:3    | Reached skill level 15 in Short Blades
 34168 | Elf:3    | Lost mutation: You have an increased reservoir of magic (+10% MP). [a neqoxec]
 34169 | Elf:3    | Gained mutation: Your spells are a little easier to cast, but a little less powerful. [a neqoxec]
 34694 | Elf:3    | Noticed krepi's ghost (adept MiFi)
 35288 | Elf:3    | Got a transparent copper amulet
 35304 | Elf:3    | Identified the amulet of Qazlal's Castigation {Dismiss rC+ Dex+3} (You took it off a vampire mage on level 3 of the Elven Halls)
 36939 | Swamp:4  | HP: 6/126 [poison (poison gas)]
 36944 | Swamp:4  | HP: 2/126 [poison (poison gas)]
 36948 | Swamp:4  | Succumbed to poison (poison gas)

Skill      XL: |  1  2  3  4  5  6  7  8  9 10 11 12 13 14 15 16 17 18 |
---------------+-------------------------------------------------------+-----
Stealth        | 6 7 8 9 10 11 12 14 16 17 20 | 20.2
Shields        | 1 2 3 5 8 10 12 14 | 14.0
Short Blades   | 3 4 6 7 8 10 11 12 13 14 15 | 15.1
Fighting       | 3 4 5 7 8 9 10 11 12 | 12.5
Throwing       | 4 |  4.4
Dodging        | 4 7 8 10 11 12 13 | 13.1
Invocations    | 1 2 |  2.0
Spellcasting   | 2 3 5 6 |  6.7
Evocations     | 4 5 |  5.4
Hexes          | 3 4 |  4.0
Translocations | 1 3 |  3.7

Action                   |  1- 3 |  4- 6 |  7- 9 | 10-12 | 13-15 | 16-18 || total
-------------------------+-------+-------+-------+-------+-------+-------++-------
Melee: Dagger            |    64 |   131 |   188 |   620 |  1404 |  1314 ||  3721
       Constrict         |    13 |    39 |    38 |    62 |   176 |   126 ||   454
       Tentacles         |    10 |    20 |    39 |   111 |   358 |   362 ||   900
       Kick              |       |       |       |    23 |   530 |   547 ||  1100
 Fire: Blowgun           |       |     9 |     2 |    11 |       |       ||    22
Throw: Javelin           |       |     2 |     5 |     2 |       |       ||     9
       Throwing net      |       |     1 |     1 |     3 |       |       ||     5
 Abil: Evoke Invisibilit |       |       |       |       |     2 |       ||     2
Evoke: Wand              |       |       |     3 |     6 |     8 |     6 ||    23
  Use: Scroll            |       |    12 |    11 |    12 |    10 |     9 ||    54
       Potion            |       |     2 |     1 |    12 |     7 |    19 ||    41
 Stab: Sleeping          |    17 |    21 |    10 |    83 |   151 |    92 ||   374
       Distracted        |       |       |     3 |     4 |    18 |    19 ||    44
       Paralysed         |       |       |       |       |     1 |       ||     1
       Invisible         |       |       |       |       |     2 |       ||     2
  Eat: Chunk             |     1 |     8 |    10 |    18 |    33 |    29 ||    99
       Fruit             |       |       |       |     5 |     3 |    11 ||    19
       Pizza             |       |       |       |       |     1 |       ||     1
Armor: Skin              |     4 |    12 |     4 |     7 |     7 |    35 ||    69
Dodge: Dodged            |    40 |    71 |    70 |   172 |   446 |   443 ||  1242
Block: Buckler           |       |     5 |    52 |   107 |   453 |   546 ||  1163
       Reflection        |       |       |       |       |     9 |    19 ||    28
